 Dungeon Crawl Stone Soup version 0.20-a0-993-gba41c3c (webtiles) character file.

137 Leszczynek the Ruffian (level 5, -1/45 HPs)
             Began as an Ogre Summoner on Apr 11, 2017.
             Was an Initiate of Cheibriados.
             Killed by nerve-wracking pain
             ... invoked by a shadow imp
             ... summoned by Eustachio
              (8 damage)
             ... on level 5 of the Dungeon.
             The game lasted 00:10:34 (1763 turns).

Leszczynek the Ruffian (Ogre Summoner)              Turns: 1763, Time: 00:10:35

Health: -1/45      AC:  3    Str: 13      XL:     5   Next: 20%
Magic:  2/8        EV: 10    Int: 17      God:    Cheibriados [......]
Gold:   163        SH:  0    Dex:  9 (11) Spells: 2/8 levels left

rFire    . . .     SeeInvis .   h - +0 mace
rCold    . . .     Gourm    .   (no shield)
rNeg     . . .     Faith    .   a - +0 robe
rPois    +         Spirit   .   (helmet restricted)
rElec    .         Reflect  .   n - scarf {repulsion}
rCorr    .         Harm     .   (gloves unavailable)
MR       .....                  (boots unavailable)
Stlth    +.........             y - amulet of regeneration
Regen    0.6/turn               k - ring of poison resistance
MPRegen  0.2/turn               (no ring)

@: very slightly contaminated, repel missiles, very slow
A: unfitting armour, tough skin 1
a: Bend Time, Renounce Religion


You were on level 5 of the Dungeon.
You worshipped Cheibriados.
Cheibriados was noncommittal.
You were hungry.

You visited 2 branches of the dungeon, and saw 8 of its levels.

You collected 163 gold pieces.

Inventory:

Hand Weapons
 g - a cursed -2 short sword
 h - a +0 mace (weapon)
Missiles
 C - 3 tomahawks (quivered)
Armour
 a - a +0 robe (worn)
 j - a +0 shield
 n - a scarf of repulsion (worn)
Magical Staves
 v - an uncursed staff of summoning {unknown}
Jewellery
 k - a ring of poison resistance (left hand)
 o - an uncursed ring of ice
 y - an amulet of regeneration (around neck)
Wands
 B - a wand of paralysis (7/24)
Scrolls
 f - a scroll of fear {unknown}
 p - 2 scrolls of remove curse {unknown}
 s - a scroll of recharging {unknown}
 t - a scroll of teleportation {unknown}
 w - a scroll of identify {@r1}
 x - a scroll of magic mapping {unknown}
 A - a scroll of enchant weapon {unknown}
Potions
 c - a potion of might {unknown}
 e - a potion of haste {unknown}
 l - 2 potions of invisibility {unknown}
 m - a potion of agility {unknown}
 q - a potion of heal wounds {unknown}
 r - 2 potions of curing {@q1}
 u - a potion of lignification {unknown}
 z - 2 potions of ambrosia
Books
 b - a book of Callings

   Spells                             Type                      Level
   a - Summon Small Mammal            Summoning                    1
   b - Call Imp                       Summoning                    2
   c - Call Canine Familiar           Summoning                    3
   d - Summon Guardian Golem          Hexes/Summoning              3
   e - Summon Lightning Spire         Summoning/Air                4
   f - Summon Ice Beast               Ice/Summoning                4
Comestibles
 d - 2 bread rations
 i - 2 royal jellies


   Skills:
 - Level 1.7 Dodging
 - Level 1.4 Stealth
 + Level 4.2 Unarmed Combat
 - Level 2.4 Spellcasting
 - Level 3.6 Summonings


You had 2 spell levels left.
You knew the following spells:

 Your Spells              Type           Power        Failure   Level  Hunger
a - Summon Small Mammal   Summ           ##..         4%          1    #......
b - Call Imp              Summ           ##......     10%         2    ##.....
c - Call Canine Familiar  Summ           ##......     14%         3    ###....


Dungeon Overview and Level Annotations

Branches:
Dungeon (7/15)             Temple (1/1) D:5

Altars:
Ashenzari
Cheibriados
Dithmenos
Elyvilon
Fedhas
Gozag
Kikubaaqudgha
Nemelex Xobeh
Okawaru
Qazlal
Ru
Sif Muna
Trog
Vehumet
Wu Jian
Xom
The Shining One

Annotations:
D:5 Eustachio


Innate Abilities, Weirdness & Mutations

You are too large for most types of armour.
You have tough skin. (AC +1)


Message History

The quasit barely misses you. The quasit claws you.
You feel clumsy. The quasit claws you.
You feel clumsy.
Your crimson imp blinks!
The iron imp hits you!
* * * LOW HITPOINT WARNING * * *
The shadow imp hits you.
* * * LOW HITPOINT WARNING * * *
The bat hits you but does no damage.
Your white imp hits Eustachio.
Your white imp freezes Eustachio.
The helpless Eustachio fails to defend himself.
You hit Eustachio but do no damage.
Eustachio is heavily wounded.
The bat hits you but does no damage.
Your hound bites the shadow imp.
The quasit bites you but does no damage.
The quasit barely misses you. x2; Your hound bites the shadow imp.
The shadow imp gestures at you. Pain shoots through your body!
You die...

############## ####...
#............# .#######.##.##
#.##.# #.# #.............. ..##.#
#.# ........#......
...#.###.#########.#####.#.#...##
................)..# ##...#.#..#
.............####.##...........##
..#.......#..#.5@5§..##...###<...
#.#.###...#..#..@5§..###.####..##
#.#.# #........5bh...##.#........
#.#.# #..##..#.......###.####..##
#.#.###..##..#.5.....# ####..#
#........##.)#.......# #.....#
###.###.###..#.......# #.###.# #
#.###.# #..####.#### #.# #.# #
#..##.# #..####.# #.# #.# #
##.##.# #.......# #.# #.#


You could see Eustachio (paralysed), an iron imp, a quasit, a shadow imp, a bat,
a friendly hound, a friendly crimson imp and a friendly white imp.

Vanquished Creatures
  A hound (D:5)
  A howler monkey skeleton (D:5)
  An adder zombie (D:5)
  A leopard gecko (D:3)
  2 orcs (D:3)
  A bat (D:1)
  2 giant cockroaches
  A goblin (D:1)
  A hobgoblin (D:1)
  A kobold (D:2)
  A ball python (D:1)
  A frilled lizard (D:1)
  2 rats
16 creatures vanquished.

Vanquished Creatures (collateral kills)
  A scorpion (D:4)
  A hound (D:5)
  A worker ant zombie (D:5)
  2 adders
  A worm (D:2)
  A leopard gecko (D:5)
  4 orcs
  A ball python (D:1)
  2 giant cockroaches
  3 hobgoblins
  2 kobolds (D:1)
  2 frilled lizards
  2 rats
23 creatures vanquished.

Grand Total: 39 creatures vanquished

Notes
Turn   | Place    | Note
-------+----------+-------------------------------------------
     0 | D:1      | Leszczynek the Ogre Summoner began the quest for the Orb.
     0 | D:1      | Reached XP level 1. HP: 16/16 MP: 3/3
   120 | D:1      | Reached skill level 1 in Unarmed Combat
   185 | D:1      | Reached XP level 2. HP: 15/24 MP: 1/5
   323 | D:1      | Learned a level 2 spell: Call Imp
   582 | D:3      | Reached skill level 2 in Unarmed Combat
   587 | D:3      | Reached XP level 3. HP: 28/31 MP: 2/6
   650 | D:3      | Learned a level 3 spell: Call Canine Familiar
   985 | D:4      | Noticed a scorpion
   993 | D:4      | Killed a scorpion
   993 | D:4      | Reached skill level 3 in Unarmed Combat
   993 | D:4      | Reached XP level 4. HP: 36/39 MP: 1/7
  1117 | D:5      | Entered Level 5 of the Dungeon
  1121 | D:5      | Found a staircase to the Ecumenical Temple.
  1142 | Temple   | Entered the Ecumenical Temple
  1234 | Temple   | Became a worshipper of Cheibriados the Contemplative
  1383 | D:5      | Reached skill level 4 in Unarmed Combat
  1570 | D:5      | Reached XP level 5. HP: 35/45 MP: 4/8
  1636 | D:5      | Noticed Eustachio
  1763 | D:5      | Killed from afar by a shadow imp

Vault maps used:
D:1:      onia_arrival_handbag, nrook_mini_vaults
D:3:      first_bread, minmay_box_of_dots
D:4:      uniq_iyjb
D:5:      minmay_temple_entry_mist, uniq_eustachio
D:7:      kennysheep_little_box
Temple:   dpeg_five_rooms_temple

Skill      XL: |  1  2  3  4 |
---------------+-------------+-----
Unarmed Combat | 1 2 3 4 |  4.2
Dodging        | |  1.7
Stealth        | |  1.4
Spellcasting   | |  2.4
Summonings     | |  3.6

Action                   |  1- 3 |  4- 6 || total
-------------------------+-------+-------++-------
Melee: Unarmed           |    24 |       ||    24
       Mace              |    55 |    44 ||    99
       Punch             |       |     1 ||     1
 Cast: Summon Small Mamm |    11 |       ||    11
       Call Imp          |     4 |     2 ||     6
       Call Canine Famil |     2 |     6 ||     8
Evoke: Wand              |       |     5 ||     5
  Use: Scroll            |       |     3 ||     3
 Stab: Paralysed         |       |     1 ||     1
  Eat: Chunk             |     1 |     1 ||     2
       Royal jelly       |       |     1 ||     1
Armor: Robe              |    20 |    22 ||    42
Dodge: Dodged            |    54 |    45 ||    99
       Deflected         |     2 |       ||     2
